 Dungeon Crawl Stone Soup version 0.29-a0-477-g62b78b4225 (webtiles) character file.

Game seed: 2771797117691492724

2 spaghetti the Covert (level 1, 8/23 HPs)
             Began as a Gnoll Delver on May 24, 2022.
             Quit the game on level 6 of the Dungeon.
             The game lasted 00:01:30 (498 turns).

spaghetti the Covert (Gnoll Delver)                  Turns: 498, Time: 00:01:31

Health: 8/23       AC:  3    Str: 11    XL:     1   Next: 30%
Magic:  1/1        EV: 13    Int:  9    God:
Gold:   0          SH:  0    Dex: 13    Spells: 0/0 levels left

rFire   . . .      SeeInvis .   a - +0 short sword {short}
rCold   . . .      Faith    .   (no shield)
rNeg    . . .      Spirit   .   b - +0 leather armour
rPois   .          Reflect  .   (no helmet)
rElec   .          Harm     .   (no cloak)
rCorr   .          Rampage  .   (no gloves)
Will    .....                   (no boots)
Stlth   ++++......              (no amulet)
HPRegen 0.07/turn               (no ring)
MPRegen 0.07/turn               (no ring)

@: no status effects
A: fangs 1, strong nose, distributed training
a: no special abilities


You were on level 6 of the Dungeon.
You visited 1 branch of the dungeon, and saw 2 of its levels.


Innate Abilities, Weirdness & Mutations

You have very sharp teeth.
Your uncanny sense of smell can sniff out nearby items.
Your experience applies equally to all skills.


   Skills:
 + Level 6.4 Fighting
 + Level 4.4 Short Blades
 + Level 0.0 Long Blades
 + Level 0.0 Axes
 + Level 0.0 Maces & Flails
 + Level 0.0 Polearms
 + Level 0.0 Staves
 + Level 0.0 Slings
 + Level 0.0 Bows
 + Level 0.0 Crossbows
 + Level 0.0 Throwing
 + Level 0.0 Armour
 + Level 4.4 Dodging
 + Level 9.5 Stealth
 + Level 0.0 Shields
 + Level 0.0 Unarmed Combat
 + Level 0.0 Spellcasting
 + Level 0.0 Conjurations
 + Level 0.0 Hexes
 + Level 0.0 Summonings
 + Level 0.0 Necromancy
 + Level 0.0 Translocations
 + Level 0.0 Transmutations
 + Level 0.0 Fire Magic
 + Level 0.0 Ice Magic
 + Level 0.0 Air Magic
 + Level 0.0 Earth Magic
 + Level 0.0 Poison Magic
 + Level 0.1 Invocations
 + Level 0.0 Evocations


You couldn't memorise any spells.
You didn't know any spells.
Your spell library was empty.

Inventory:

Hand Weapons
 a - a +0 short sword (weapon) {short}
Missiles
 f - 3 poisoned darts (quivered) {throwing}
Armour
 b - a +0 leather armour (worn)
Wands
 g - a wand of digging (3)
Scrolls
 c - a scroll of fog
 d - a scroll of magic mapping {!r}
 e - a scroll of fear

Dungeon Overview and Level Annotations

Branches:
Dungeon (6/15)
 Temple: D:4-7

Altars:

Annotations:
D:5 exclusions: ogre and 2 more exclusions

##............#
#.............#
..##....##...##
##...###..##
#...## #..#
##.### ##.# #
##.## #..
....###.## #..
......o@# #[
.......o#
.......o.
.<........
...###...## ...
#..## .. #..#
#..#


You could see an orc warrior, an orc priest and an orc.


Message History

Sorry, I don't know how to get there.
Press: ? - help, v - describe, . - travel The floor.
Placed new exclusion.
Reduced exclusion size to a single square. 😱 HP[+1]
A gnoll is nearby!
(D) Dungeon
Where to? (Enter - D:4, ? - help) Sorry, I don't know how to get there.
Press: ? - help, v - describe, . - travel The floor.
Placed new exclusion.
Reduced exclusion size to a single square.
A gnoll is nearby!
A gnoll is nearby! 😱 HP[+1] Really walk into a travel-excluded area? [Y]es or [N]o only, please.
Really walk into a travel-excluded area? [Y]es or [N]o only, please.
Really walk into a travel-excluded area? [Y]es or [N]o only, please.
Really walk into a travel-excluded area?
Okay, then.
Your extra speed is starting to run out. 😱 HP[+1]
There is an open door here.
You feel yourself slow down.
Unknown command.
(D) Dungeon
Where to? (Enter - D:4, ? - help)
There is a stone staircase leading down here.
You climb downwards.
You hear the sound of rushing water.
There is an entrance to a sewer on this level.
Hurry and find it before the portal rusts away!
There is a stone staircase leading up here.
Unknown command.
Unknown command.
You start resting.
You hear the slow rusting of a drain very nearby. 😨 HP[+4]
You regained 4 hp, and now have 8/23 hp.
Unknown command.
Unknown command.
You start resting.
You hear the slow rusting of a drain very nearby. 😨 HP[+3]
You regained 3 hp, and now have 11/23 hp.
Unknown command.
You hear the slow rusting of a drain very nearby.
You hear the slow rusting of a drain very nearby.
You hear the slow rusting of a drain very nearby.
f - 3 poisoned darts {throwing} 😎 HP[+12]
Your hp is fully restored (23).
An orc priest comes into view. It is wielding a +0 short sword.
An orc priest is nearby!
An orc warrior comes into view. It is wielding a +0 mace of holy wrath.
Found an escape hatch in the ceiling.
An orc comes into view. It is wielding a +0 hand axe.
The orc shouts!
The orc priest closely misses you.
You hit the orc priest. Your bite misses the orc priest.
You closely miss the orc priest.
The orc priest hits you with a +0 short sword. 😮 HP[-6]
You take 6 damage, and now have 17/23 hp.
MASSIVE DAMAGE!! (PAUSE)
You closely miss the orc priest.
You bite the orc priest, but do no damage.
The orc priest hits you with a +0 short sword. 😮 HP[-1]
You take 1 damage, and now have 16/23 hp.
You hit the orc priest but do no damage.
You bite the orc priest.
The orc priest calls down the wrath of Beogh upon you.
Beogh smites you!
* * * LOW HITPOINT WARNING * * *
😨 HP[-8]
You take 8 damage, and now have 8/23 hp.
MASSIVE DAMAGE!! (PAUSE)
You aren't carrying any potions.
As you read the scroll labelled BEDO EK ILUIBB, it crumbles to dust.
It is a scroll of identify.
You don't have any unidentified items.
The orc completely misses you.
You hear the sound of rushing water.
There is an entrance to a sewer on this level.
Hurry and find it before the portal rusts away! 🤖 Initializing magus.rc ...
Options error: Delay interrupt name "hungry" not recognised. (~/.crawlrc:4761) Options error: Bad monster_list_colour key: strict_neutral (~/.crawlrc:4776) Bad channel name for runrest: 'pray:' ✅ Successfully initialized magus.rc [v1.9.6] Welcome back, spaghetti the Gnoll Delver.
Press ? for a list of commands and other information.
Unknown command.
Unknown command.
Unknown command.
Are you sure you want to abandon this character and quit the game? (Confirm with "yes".)

Skill      XL: | |
---------------+-+-----
Stealth        | |  9.5
Fighting       | |  6.4
Short Blades   | |  4.4
Dodging        | |  4.4
Invocations    | |  0.1

Action                   || total
-------------------------++-------
Melee: Short sword       ||    17
       Bite              ||     3
  Use: Scroll            ||     1
       Potion            ||     1
Armor: Leather armour    ||     4
Dodge: Dodged            ||    12

Levels and vault maps discovered:
D:5:      layout_basic, lemuel_doored_altar, mainiacjoe_overflow_alcove_2,
          minmay_temple_entry_arrows
D:6:      layout_layer_cave, mainiacjoe_overflow_concentric_impassable,
          gup_sewer_entry_spiral, chequers_serial_rivers_micro_e, moated_statue,
          nicolae_water_bricks, serial_bayou_lake_a, uniq_maggie, uniq_pikel,
          uniq_prince_ribbit1, uniq_blork_the_orc

Notes
Turn   | Place    | Note
-------+----------+-------------------------------------------
     0 | D:5      | Reached skill level 9 in Stealth
     0 | D:5      | spaghetti the Gnoll Delver began the quest for the Orb.
     0 | D:5      | Reached XP level 1. HP: 23/23 MP: 1/1
     0 | D:5      | magus.rc [v1.9.6]
    19 | D:5      | Noticed an ogre
   152 | D:5      | HP: 1/23 [gnoll/+0 halberd (5)]
   487 | D:6      | Noticed an orc priest
   490 | D:6      | Noticed an orc warrior
   498 | D:6      | magus.rc [v1.9.6]
   498 | D:6      | Quit the game

Vanquished Creatures
  An orc (D:5)
1 creature vanquished.

Vanquished Creatures (others)
  6 plants (D:6)
6 creatures vanquished.

Grand Total: 7 creatures vanquished

Table legend:
 A = Non-vault XP
 B = Vault XP
 C = Vault XP percentage of total XP
 D = Non-vault monster count
 E = Vault monster count
 F = Vault count percentage of total count
                 A         B        C        D         E       F
            +---------+---------+-------+---------+---------+-------
      Total |       3 |       0 |   0.0 |       1 |       0 |   0.0
            +---------+---------+-------+---------+---------+-------
        D:5 |       3 |       0 |   0.0 |       1 |       0 |   0.0
            +---------+---------+-------+---------+---------+-------

Illustrated notes

Table legend:
 A = Kills in this place as a percentage of kills in entire the game.
 B = Kills by you in this place as a percentage of kills by you in the entire game.
 C = Kills by friends in this place as a percentage of kills by friends in the entire game.
 D = Other kills in this place as a percentage of other kills in the entire game.
 E = Experience gained in this place as a percentage of experience gained in the entire game.
 F = Experience gained in this place divided by the number of levels of this place that you have seen.
                   A       B       C       D       E      F
               +-------+-------+-------+-------+-------+----------------------
         Total | 100.0 | 100.0 |   N/A |   N/A | 100.0 |   1.5
       Dungeon | 100.0 | 100.0 |   N/A |   N/A | 100.0 |   1.5
               +-------+-------+-------+-------+-------+----------------------

Table legend: (Time is in decaauts)
 A = Elapsed time spent in this place.
 B = Non-inter-level travel time spent in this place.
 C = Inter-level travel time spent in this place.
 D = Time resting spent in this place.
 E = Time spent auto-exploring this place.
 F = Levels seen in this place.
 G = Mean time per level.
                   A        B        C        D        E       F      G
               +--------+--------+--------+--------+--------+-----+--------+
         Total |    476 |    469 |      7 |    101 |    300 |   2 |  238.0 |
       Dungeon |    476 |    469 |      7 |    101 |    300 |   2 |  238.0 |
               +--------+--------+--------+--------+--------+-----+--------+

Top non-repeatable levels by time:
     D:6: 279 daAuts
     D:5: 196 daAuts
